 Dungeon Crawl Stone Soup version 0.28.0-43-g3370ac3207 (webtiles) character file.

Game seed: 9454145559953112876

30 Ablot the Grasshopper (level 3, -1/31 HPs)
             Began as a Gnoll Warper on Mar 22, 2022.
             Slain by a scorpion (5 damage)
             ... on level 4 of the Dungeon.
             The game lasted 00:01:47 (1622 turns).

Ablot the Grasshopper (Gnoll Warper)                Turns: 1622, Time: 00:01:48

Health: -1/31      AC:  4    Str: 12    XL:     3   Next: 18%
Magic:  8/9        EV: 12    Int: 12    God:
Gold:   57         SH:  0    Dex: 11    Spells: 10/12 levels left

rFire   . . .      SeeInvis .   m - +1 short sword (elec)
rCold   . . .      Faith    .   (no shield)
rNeg    . . .      Spirit   .   b - +0 leather armour
rPois   .          Reflect  .   (no helmet)
rElec   .          Harm     .   (no cloak)
rCorr   .          Rampage  .   (no gloves)
Will    .....                   j - +0 pair of boots
Stlth   +.........              (no amulet)
HPRegen 0.10/turn               (no ring)
MPRegen 0.11/turn               (no ring)

@: lethally poisoned (-1 -> -10)
A: fangs 1, strong nose, distributed training
a: no special abilities


You were on level 4 of the Dungeon.
You visited 1 branch of the dungeon, and saw 3 of its levels.

You collected 57 gold pieces.

Inventory:

Hand Weapons
 a - a +0 spear
 m - a +1 short sword of electrocution (weapon)
Missiles
 d - 11 boomerangs of dispersal (quivered)
 e - 63 stones
 f - 23 arrows
Armour
 b - a +0 leather armour (worn)
 j - a +0 pair of boots (worn)
Jewellery
 k - a ring of flight
Scrolls
 c - a scroll of blinking
 l - a scroll of identify {unknown}
 n - a scroll of teleportation {unknown}
Potions
 g - 2 potions of cancellation {unknown}
 h - a potion of resistance {unknown}
 i - a potion of curing {unknown}


   Skills:
 + Level 4.5 Fighting
 + Level 0.6 Short Blades
 + Level 0.6 Long Blades
 + Level 0.6 Axes
 + Level 0.6 Maces & Flails
 + Level 4.5 Polearms
 + Level 0.6 Staves
 + Level 0.6 Slings
 + Level 0.6 Bows
 + Level 0.6 Crossbows
 + Level 2.5 Throwing
 + Level 2.5 Armour
 + Level 4.5 Dodging
 + Level 0.6 Stealth
 + Level 0.6 Shields
 + Level 0.6 Unarmed Combat
 + Level 5.0 Spellcasting
 + Level 0.4 Conjurations
 + Level 0.4 Hexes
 + Level 0.4 Summonings
 + Level 0.4 Necromancy
 + Level 5.4 Translocations
 + Level 0.4 Transmutations
 + Level 0.4 Fire Magic
 + Level 0.4 Ice Magic
 + Level 0.4 Air Magic
 + Level 0.4 Earth Magic
 + Level 0.4 Poison Magic
 + Level 0.8 Invocations
 + Level 0.6 Evocations


You had 10 spell levels left.
You knew the following spells:

 Your Spells              Type           Power      Damage    Failure   Level
a - Blink                 Tloc           30%        N/A       4%          2

Your spell library contained the following spells:

 Spells                   Type           Power      Damage    Failure   Level
 Gell's Gravitas          Tloc           15%        N/A       9%          3
 Lesser Beckoning         Tloc           15%        N/A       9%          3
 Teleport Other           Tloc           15%        N/A       9%          3
 Sandblast                Erth           8%         2d5       22%         1
 Passwall                 Tmut/Erth      3%         N/A       32%         2
 Stone Arrow              Conj/Erth      8%         3d7       54%         3
 Manifold Assault         Tloc           15%        N/A       61%         5


Dungeon Overview and Level Annotations

Branches:
Dungeon (2/15)

Altars:


Innate Abilities, Weirdness & Mutations

You have very sharp teeth.
Your uncanny sense of smell can sniff out nearby items.
Your experience applies equally to all skills.


Message History

The phantom hits you.
The phantom blinks!
You blink.
A scorpion and 2 hobgoblins come into view.
Found a coppery potion.
The phantom hits you.
The phantom blinks!
You blink.
Found a ring mail.
The hobgoblin shouts! x2; You hear an angry hiss.
The phantom completely misses you.
A worm comes into view.
A howler monkey skeleton comes into view.
The hobgoblin misses you. The hobgoblin closely misses you.
The scorpion closely misses you.
A hound skeleton comes into view.
There is a stone staircase leading up here.
Casting: Blink (safe; 4% risk of failure)
Confirm with . or Enter, or press ? or * to list all spells.
You blink.
Unknown command.
The hound skeleton barely misses you. The hound skeleton closely misses you.
The hound skeleton bites you.
A quokka comes into view.
You feel stable enough to blink again.
The phantom hits you but does no damage.
The scorpion stings you.
You are poisoned.
The scorpion poisons you!
Found a fuming blue potion and a pink potion.
You feel very sick.
An adder comes into view.
You feel sick.
The adder hisses angrily.
You see here a fuming blue potion.
You feel sick. The adder closely misses you.
You feel sick. The adder closely misses you.
You closely miss the quokka.
You feel sick. The adder closely misses you. The quokka bites you.
The hobgoblin hits you.
* * * LOW HITPOINT WARNING * * *
The adder bites you.
* * * LOW HITPOINT WARNING * * *
You are more poisoned.
The adder poisons you! The scorpion stings you.
You die...

#...... #.....
#..... #..... ## ###
##.#.# #. ..###
#...# ##.#####!..#
##..# #..#g..#...###
##...
#@S!#.Z....###..ยง.
#.r#s..#WW.......##.
#..#####gZo..##.###.
#..r...wZ....##.# #.
#.##..........<.# #o
#.............### #.
####..........# #.
#..........# ..
............#


You could see a scorpion, an adder, a quokka and a hobgoblin.

Vanquished Creatures
  A dart slug (D:2)
  4 bats
  3 endoplasms (D:1)
  A giant cockroach (D:1)
  A goblin (D:1)
  2 hobgoblins
  2 quokkas (D:1)
  8 frilled lizards (D:1)
  2 kobolds (D:1)
  3 rats (D:1)
27 creatures vanquished.

Notes
Turn   | Place    | Note
-------+----------+-------------------------------------------
     0 | D:1      | Ablot the Gnoll Warper began the quest for the Orb.
     0 | D:1      | Reached XP level 1. HP: 20/20 MP: 6/6
   386 | D:1      | Found a faded altar of an unknown god.
   469 | D:1      | Reached XP level 2. HP: 23/26 MP: 7/7
   472 | D:1      | Learned a level 2 spell: Blink
  1319 | D:1      | Reached XP level 3. HP: 30/31 MP: 9/9
  1440 | D:2      | Reached skill level 5 in Spellcasting
  1591 | D:2      | You fall into a shaft and drop 2 floors!
  1596 | D:4      | Noticed a phantom
  1603 | D:4      | Noticed a scorpion
  1622 | D:4      | Slain by a scorpion

Illustrated notes

Levels and vault maps discovered:
D:1:      dpeg_arrival_tiny_a, layout_basic, hellmonk_ecumenical_altar_lost_god,
          minmay_lizard_pond
D:2:      layout_basic, chequers_serial_rivers_marsh
D:4:      layout_rooms, vehumet_statue, minmay_distorted

Skill      XL: |  1  2  3 |
---------------+----------+-----
Spellcasting   | 5 |  5.0
Fighting       | |  4.5
Short Blades   | |  0.6
Long Blades    | |  0.6
Axes           | |  0.6
Maces & Flails | |  0.6
Polearms       | |  4.5
Staves         | |  0.6
Slings         | |  0.6
Bows           | |  0.6
Crossbows      | |  0.6
Throwing       | |  2.5
Armour         | |  2.5
Dodging        | |  4.5
Stealth        | |  0.6
Shields        | |  0.6
Unarmed Combat | |  0.6
Conjurations   | |  0.4
Hexes          | |  0.4
Summonings     | |  0.4
Necromancy     | |  0.4
Translocations | |  5.4
Transmutations | |  0.4
Fire Magic     | |  0.4
Ice Magic      | |  0.4
Air Magic      | |  0.4
Earth Magic    | |  0.4
Poison Magic   | |  0.4
Invocations    | |  0.8
Evocations     | |  0.6

Action                   || total
-------------------------++-------
Melee: Spear             ||    84
       Bite              ||     5
       Short sword       ||    13
 Cast: Blink             ||     1
Armor: Leather armour    ||    27
Dodge: Dodged            ||    46
